 Dungeon Crawl Stone Soup version 0.19-a0-994-g3c636f0 (webtiles) character file.

28 matakusis the Ducker (level 3, 27/27 HPs)
             Began as a Demonspawn Gladiator on July 16, 2016.
             Got out of the dungeon alive.
             The game lasted 00:02:41 (1098 turns).

matakusis the Ducker (Demonspawn Gladiator)         Turns: 1098, Time: 00:02:42

Health: 27/27      AC:  4    Str: 15    XL:     3   Next: 0%
Magic:  4/4        EV: 13    Int:  9    God:
Gold:   28         SH:  0    Dex: 14    Spells: 0 memorised, 3 levels left

rFire  . . .     SeeInvis .     (no weapon)
rCold  . . .     Gourm    .     b - +0 leather armour
rNeg   . . .     Faith    .     (no shield)
rPois  .         Spirit   +     c - +0 helmet
rElec  .         Dismiss  .     (no cloak)
rCorr  .         Reflect  .     (no gloves)
SustAt .         Harm     .     (no boots)
MR     .....                    (no amulet)
Stlth  +.........               (no ring)
                                (no ring)

@: not resistant to hostile enchantments, very unstealthy
A: claws 1, magic shield
a: no special abilities


You escaped.
You were hungry.

You visited 1 branch of the dungeon, and saw 2 of its levels.

You collected 28 gold pieces.

Inventory:

Hand Weapons
 a - a +0 long sword
Missiles
 d - 3 throwing nets (quivered)
Armour
 b - a +0 leather armour (worn)
 c - a +0 helmet (worn)
Scrolls
 e - 3 scrolls of random uselessness {unknown}
 g - 3 scrolls of identify {unknown}
 i - a scroll of remove curse {unknown}
Potions
 j - a potion of mutation {unknown}
 m - a potion of flight {unknown}
 n - a potion of degeneration {unknown}
Comestibles
 f - 2 bread rations
 k - 2 meat rations
 l - a royal jelly


   Skills:
 * Level 2.1 Fighting
 + Level 3.0 Long Blades
 - Level 1.7 Throwing
 * Level 3.3 Dodging
 * Level 0.6 Spellcasting


You had 3 spell levels left.
You didn't know any spells.

Dungeon Overview and Level Annotations

Branches:
Dungeon (2/15)

Altars:


Innate Abilities, Weirdness & Mutations

You have sharp fingernails.
When hurt, damage is shared between your health and your magic reserves.


Message History

You closely miss the giant gecko.
The giant gecko is moderately wounded.
The giant gecko barely misses you.
You hit the giant gecko.
You kill the giant gecko!
You have reached level 3!
Your experience leads to an increase in your attributes!
Increase (S)trength, (I)ntelligence, or (D)exterity?
You feel agile.
Your demonic ancestry asserts itself...
Your fingernails lengthen.
You are now empty-clawed.
You don't know any spells.
There is a stone staircase leading up here.
You climb upwards.
There is a stone staircase leading down here.
You see here a club.
HP restored.
There is a staircase leading out of the dungeon here.
Are you sure you want to leave the Dungeon?
This will make you lose the game!
You have escaped!

#....#.####....# #..
####.#...........# ##.#
.....###.####...## ##.#. ######
#.# ##.## #.### ########.# #.#
##.#. .........# #.# ##.#
########.## ####################
########..# #.................#
....).....####.#@###.#########.##
######....##...### #...#.....#...
###.#.##.### ###.#.###)###.
#...#.##...# #...# #...#.
#.########.### #.#.###.#.##
#...#.##.....# #.#.....#...
###.#.##.###.#########.######
#......#...#...#.....# #...
###.####.###.#.#.#.#####.#.


There were no monsters in sight!

Vanquished Creatures
  A dart slug (D:1)
  A giant gecko (D:2)
  2 giant cockroaches (D:1)
  3 goblins (D:1)
  5 hobgoblins (D:1)
  4 bats (D:1)
  5 kobolds (D:1)
  2 rats
23 creatures vanquished.

Notes
Turn   | Place    | Note
-------+----------+-------------------------------------------
     0 | D:1      | matakusis the Demonspawn Gladiator began the quest for the Orb.
     0 | D:1      | Reached XP level 1. HP: 16/16 MP: 1/1
   324 | D:1      | Gained mutation: When hurt, damage is shared between your health and your magic reserves. [demonic ancestry]
   324 | D:1      | Reached XP level 2. HP: 21/22 MP: 2/2
  1060 | D:2      | Gained mutation: You have sharp fingernails. [demonic ancestry]
  1060 | D:2      | Reached XP level 3. HP: 23/27 MP: 4/4
  1098 | D:$      | Got out of the dungeon alive.

Vault maps used:
D:1:      elethiomel_arrival_maze, serial_forest,
          infiniplex_forest_clump_medium, infiniplex_forest_lined_ring,
          infiniplex_forest_end_2, infiniplex_forest_straight_3,
          infiniplex_forest_straight_1
D:2:      first_bread, minmay_parallelograms

Skill      XL: |  1  2 |
---------------+-------+-----
Dodging        | 3 |  3.3
Long Blades    | 3 |  3.0
Fighting       | |  2.1
Throwing       | |  1.7
Spellcasting   | |  0.6

Action                   || total
-------------------------++-------
Melee: Long sword        ||    92
Armor: Leather armour    ||    23
Dodge: Dodged            ||    53
